 Dungeon Crawl Stone Soup version 0.22-a0-346-ga714374 (webtiles) character file.

118 Azzok the Vexing (level 4, -2/24 HPs)
             Began as a Deep Elf Enchanter on Apr 6, 2018.
             Slain by a gnoll
             ... wielding a +0 halberd
              (15 damage)
             ... on level 2 of the Dungeon.
             The game lasted 00:04:23 (2400 turns).

Azzok the Vexing (Deep Elf Enchanter)               Turns: 2400, Time: 00:04:24

Health: -2/24      AC:  3    Str:  5    XL:     4   Next: 72%
Magic:  0/10       EV: 13    Int: 21    God:
Gold:   82         SH:  0    Dex: 15    Spells: 3/9 levels left

rFire    . . .     SeeInvis .   a - +1 dagger
rCold    . . .     Gourm    .   (no shield)
rNeg     . . .     Faith    .   b - +0 robe
rPois    .         Spirit   .   (no helmet)
rElec    .         Reflect  .   f - +0 cloak
rCorr    .         Harm     +   (no gloves)
MR       .....                  (no boots)
Stlth    ++........             g - amulet of harm
HPRegen  0.08/turn              (no ring)
MPRegen  0.12/turn              (no ring)

@: no status effects
A: no striking features
a: no special abilities


You were on level 2 of the Dungeon.
You were hungry.

You visited 1 branch of the dungeon, and saw 2 of its levels.

You collected 82 gold pieces.

Inventory:

Hand Weapons
 a - a +1 dagger (weapon)
Armour
 b - a +0 robe (worn)
 f - a +0 cloak (worn)
Jewellery
 g - an amulet of harm (around neck)
Scrolls
 h - 2 scrolls of teleportation {unknown}
 j - a scroll of identify {unknown}
 m - a scroll of noise {unknown}
Potions
 c - a potion of lignification {unknown}
 e - a potion of flight {unknown}
 i - 2 potions of cancellation {unknown}
 k - 2 potions of curing {unknown}
Comestibles
 d - 3 rations


   Skills:
 + Level 3.3 Short Blades
 - Level 2.4 Dodging
 - Level 3.6 Stealth
 - Level 3.0 Spellcasting
 + Level 5.9 Hexes


You had 3 spell levels left.
You knew the following spells:

 Your Spells              Type           Power        Failure   Level  Hunger
a - Corona                Hex            ####...      1%          1    None
b - Ensorcelled Hibernat  Hex/Ice        ###...       6%          2    ##.....
c - Confuse               Hex            ####....     3%          3    ###....


Dungeon Overview and Level Annotations

Branches:
Dungeon (2/15)

Altars:


Message History

Aim: a gnoll (chance to defeat MR: 54%)
The gnoll looks drowsy...
* * * LOW MAGIC WARNING * * *
The gnoll hits you from afar with a halberd!
Ouch! That really hurt!
The helpless gnoll fails to defend itself.
You impale the gnoll!!
You kill the gnoll!
Casting: Ensorcelled Hibernation (safe; 6% risk of failure)
Confirm with . or Enter, or press ? or * to list all spells.
Aiming: Ensorcelled Hibernation (safe; 6% risk of failure)
Press: ? - help, Shift-Dir - straight line, f - gnoll
Aim: a gnoll, wielding a halberd (chance to defeat MR: 54%)
The gnoll resists with significant effort.
* * * LOW MAGIC WARNING * * *
The gnoll misses you.
There is a stone staircase leading up here.
The gnoll hits you from afar with a halberd!
Ouch! That really hurt!
You die...

▒▒▒▒·▒▒▒·······▒▒▒▒·▒············
▒·▒·)···)······▒·▒··▒▒·▒▒▒▒▒▒▒
▒▒▒▒·▒·▒·······▒▒·▒·▒·)▒▒·▒
·····▒·▒·······▒▒·▒·▒··▒▒·▒
▒▒▒▒▒▒·▒··(·········>·····▒
▒·▒▒▒▒▒·▒▒▒·······▒▒▒▒ ▒·▒ ▒·▒
▒g▒▒▒▒▒·▒ ▒▒▒▒▒▒·▒ ▒·▒ ▒·▒ ▒·▒
····▒▒·▒ ▒·▒ ▒@▒ ▒·▒ ▒▒▒·▒▒·▒
▒▒)▒▒▒·▒ ▒·▒ ▒·▒▒·▒
▒··g···▒▒▒▒▒·▒
▒▒▒·▒▒·▒▒▒▒··▒·▒·······▒
▒········g···▒·▒▒▒▒▒▒·▒▒
··▒▒▒▒▒▒▒▒▒·▒··▒ ▒·▒
▒········))····▒ ▒·▒
▒·▒▒▒▒▒▒▒▒▒·▒·▒▒ ▒·▒
▒·▒▒▒▒▒▒▒▒▒·▒▒▒ ▒·▒


You could see a gnoll.

Vanquished Creatures
  3 gnolls (D:2)
  4 adders (D:2)
  An ooze (D:2)
  4 dart slugs
  3 giant cockroaches
  7 hobgoblins
  2 jackals (D:1)
  2 quokkas (D:2)
  5 bats
  2 frilled lizards
  6 goblins
  A kobold (D:2)
  4 rats
44 creatures vanquished.

Notes
Turn   | Place    | Note
-------+----------+-------------------------------------------
     0 | D:1      | Azzok the Deep Elf Enchanter began the quest for the Orb.
     0 | D:1      | Reached XP level 1. HP: 10/10 MP: 6/6
   274 | D:1      | Reached XP level 2. HP: 15/15 MP: 8/8
   302 | D:1      | Learned a level 2 spell: Ensorcelled Hibernation
  1281 | D:2      | Reached XP level 3. HP: 18/19 MP: 2/9
  1364 | D:2      | Reached skill level 5 in Hexes
  1369 | D:2      | Learned a level 3 spell: Confuse
  1670 | D:2      | Reached XP level 4. HP: 18/24 MP: 3/10
  2400 | D:2      | Slain by a gnoll

Vault maps used:
D:1:      dpeg_arrival_prison, minmay_split_cup_small

Skill      XL: |  1  2  3  4 |
---------------+-------------+-----
Short Blades   | 2 3 |  3.3
Hexes          | 5 |  5.9
Dodging        | |  2.4
Stealth        | |  3.6
Spellcasting   | |  3.0

Action                   |  1- 3 |  4- 6 || total
-------------------------+-------+-------++-------
Melee: Dagger            |    70 |    20 ||    90
 Cast: Corona            |     5 |     1 ||     6
       Ensorcelled Hiber |    38 |    16 ||    54
       Confuse           |       |     1 ||     1
 Stab: Sleeping          |    25 |    11 ||    36
  Eat: Chunk             |     4 |     2 ||     6
Armor: Robe              |    18 |     3 ||    21
Dodge: Dodged            |    77 |     9 ||    86

Table legend:
 A = Spawn XP
 B = Non-spawn XP
 C = Spawn XP percentage of total XP
 D = Spawn monster count
 E = Non-spawn monster count
 F = Spawn count percentage of total count
 G = Total turns spent on level
                    A         B        C        D         E        F      G
               +---------+---------+-------+---------+---------+-------+---------
         Total |       0 |     169 |   0.0 |       0 |      44 |   0.0 |  2400
               +---------+---------+-------+---------+---------+-------+---------
           D:1 |       0 |      26 |   0.0 |       0 |      14 |   0.0 |   887
           D:2 |       0 |     143 |   0.0 |       0 |      30 |   0.0 |  1513
               +---------+---------+-------+---------+---------+-------+---------
